AoeStats
← nacho

MegaRandom

505518431Analyzed
1v1 RM · 23d ago on Sep 9, 2026· 21m 21s· 2 players
Game mode
Random Map
Map size
Tiny (2 player)
Population
200
Speed
Normal
Resources
Standard
Victory
Conquest
Starting age
Dark Age
Ending age
Imperial Age
RankedLock teamsTeams togetherTeam positionsShared explorationLock speedFull tech treeHidden civsTurbo modeCheats
Victory
Defeat
🇦🇷 Mongols · Argentina
949
+17
🇺🇸 Inca · United States
976
-17
nacho
8:01 Loom
10:23 Feudal Age
11:18 Double-Bit Axe
11:15 Horse Collar
13:51 Forging
15:53 Wheelbarrow
19:08 Castle Age
19:28 Fletching
19:52 Bloodlines
19:57 Husbandry
20:19 Stone Mining
20:56 Bodkin Arrow
Riptide320
11:49 Feudal Age
13:14 Loom
15:52 Castle Age
15:01 Double-Bit Axe
15:51 Scale Mail Armor
15:39 Champi Runner
Connection lost

Rejoining the realm…

Still unreachable

The connection could not be restored.

Session expired

The server has moved on; the page needs a fresh start.